 Dungeon Crawl Stone Soup version 0.24-a0-189-g5d897e9104 (webtiles) character file.

Game seed: 1748013725608351210

4554 MrRokkomies the Covert (level 10, -11/60 HPs)
             Began as an Octopode Assassin on Mar 17, 2019.
             Was a Priest of Nemelex Xobeh.
             Mangled by a wyvern (15 damage)
             ... on level 8 of the Dungeon.
             The game lasted 00:41:49 (9211 turns).

MrRokkomies the Covert (Octopode Assassin)          Turns: 9211, Time: 00:41:51

Health: -11/60     AC:  6    Str: 11    XL:     10   Next: 40%
Magic:  13/14      EV: 14    Int: 14    God:    Nemelex Xobeh [***...]
Gold:   209        SH:  9    Dex: 14    Spells: 5/9 levels left

rFire    . . .     SeeInvis .   a - +1 dagger (venom)
rCold    . . .     Gourm    .   A - +0 shield (curse)
rNeg     + . .     Faith    +   (helmet restricted)
rPois    .         Spirit   .   e - amulet of faith
rElec    .         Reflect  .   i - +3 ring of protection
rCorr    .         Harm     .   h - -2 ring of dexterity
MR       .....                  u - ring of attention (curse)
Stlth    ++++......             y - ring of positive energy
HPRegen  0.20/turn              (no ring)
MPRegen  0.14/turn              (no ring)
                                (no ring)
                                (no ring)

@: very slightly contaminated
A: almost no armour, stealthy swim, amphibious, 8 rings, constrict 8, tentacle
spike 1, slimy green scales 1, camouflage 1, gelatinous body 1
a: Draw Escape, Draw Destruction, Draw Summoning, Triple Draw, Renounce Religion


You were on level 8 of the Dungeon.
You worshipped Nemelex Xobeh.
Nemelex Xobeh was most pleased with you.
You were not hungry.

You visited 2 branches of the dungeon, and saw 10 of its levels.
You also visited: Ossuary.

You collected 449 gold pieces.
You spent 240 gold pieces at shops.

Inventory:

Hand Weapons
 a - a +1 dagger of venom (weapon)
 b - a +1 blowgun
 n - a +0 dagger of holy wrath
 G - the +4 hunting sling of Laceration {velocity, +Inv}
   (You found it on level 8 of the Dungeon)

   Any stone fired from it inflicts extra damage.
   It lets you turn invisible.
Missiles
 c - 25 poisoned needles
 d - a curare-tipped needle
 g - 205 stones (quivered)
 B - 5 silver javelins
 C - a throwing net
Armour
 A - a cursed +0 shield (worn)
Jewellery
 e - an amulet of faith (around mantle)
 h - a -2 ring of dexterity (right tentacle)
 i - a +3 ring of protection (left tentacle)
 l - an uncursed ring of ice
 m - an uncursed amulet of magic regeneration
 u - a cursed ring of attention (on tentacle)
 y - a ring of positive energy (on tentacle)
Wands
 s - a wand of iceblast (17)
 v - a wand of digging (3)
 H - a wand of random effects (10)
Scrolls
 k - 7 scrolls of teleportation
 o - a scroll of amnesia
 p - a scroll of fear
 q - 4 scrolls of fog
 x - a scroll of immolation
 z - 6 scrolls of identify
 E - a scroll of magic mapping
Potions
 j - a potion of magic
 r - a potion of might
 t - 3 potions of curing
 w - a potion of heal wounds
 D - a potion of agility
 F - a potion of ambrosia
Comestibles
 f - 6 rations
 I - 3 chunks of flesh


   Skills:
 - Level 2.0 Fighting
 - Level 5.5 Short Blades
 - Level 7.1 Throwing
 - Level 5.1 Dodging
 - Level 8.0 Stealth
 * Level 6.0 Shields
 * Level 6.0 Hexes
 + Level 5.5 Invocations


You had 5 spell levels left.
You knew the following spells:

 Your Spells              Type           Power        Failure   Level  Hunger
a - Confusing Touch       Hex            ###...       8%          1    ##.....
b - Confuse               Hex            ###.....     24%         3    ####...

Your spell library contained the following spells:

 Spells                   Type           Power        Failure   Level  Hunger
 Animate Skeleton         Necr           N/A          67%         1    ##.....
 Pain                     Necr           #...         67%         1    ##.....
 Gell's Gravitas          Tloc           #.........   95%         3    ####...
 Regeneration             Chrm/Necr      #.........   95%         3    ####...
 Vampiric Draining        Necr           #.........   95%         3    ####...
 Animate Dead             Necr           N/A          100%        4    #####..
 Petrify                  Tmut/Erth      #.......     100%        4    #####..
 Metabolic Englaciation   Hex/Ice        #.........   100%        5    ######.
 Yara's Violent Unravell  Hex/Tmut       #.........   100%        5    ######.


Dungeon Overview and Level Annotations

Branches:
Dungeon (9/15)             Temple (1/1) D:5
   Lair: D:8-11         Orc: D:9-12

Altars:
Ashenzari
Cheibriados
Elyvilon
Fedhas
Gozag
Hepliaklqana
Kikubaaqudgha
Nemelex Xobeh
Okawaru
Qazlal
Ru
Sif Muna
Trog
Uskayaw
Vehumet
Wu Jian
Zin
The Shining One

Shops:
D:5 :   D:6 }=*


Innate Abilities, Weirdness & Mutations

You cannot wear most types of armour.
You are very stealthy in the water. (Stealth+)
You are amphibious.
You can wear up to eight rings at the same time.
You can use your tentacles to constrict eight enemies at once.
Your skin changes colour to match your surroundings (Stealth+).
Your rubbery body absorbs attacks. (AC +1, EV +1)
One of your tentacles bears a spike.
You are partially covered in slimy green scales. (AC +2)


Message History

You pierce the orc, but do no damage.
You constrict the orc. The wyvern misses you. The wyvern bites you!
You hit the orc.
The orc is poisoned.
You pierce the orc.
You squeeze the orc.
You kill the orc!
The wyvern bites you!
You hit the wyvern but do no damage.
The wyvern looks as sick as possible!
The wyvern is moderately wounded.
The wyvern bites you!
* * * LOW HITPOINT WARNING * * *
Okay, then.
Unknown command.
Casting: Confusing Touch (safe; 8% risk of failure)
Confirm with . or Enter, or press ? or * to list all spells.
You miscast Confusing Touch.
You are very lightly contaminated with residual magic.
Nothing appears to happen.
The wyvern bites you!
* * * LOW HITPOINT WARNING * * *
The wyvern bites you!
You die...
Your body disappears without a glow.

####.........
#......###...
#............
##...#.......
####....#.......
##.####..........
####....#...........
##.##......#......#..
#...@)..##.#......##.
#..)l[..###.......##.
###.....##...........
##...###......<..##
#...###..........#
###..##..##.......
####........####.#...
##..........).#####...
##..............######.


You could see a wyvern.

Vanquished Creatures
  A hippogriff (D:9)
  A wraith (D:9)
  Menkaure (D:4)
  A water moccasin (D:9)
  2 orc warriors
  An ice beast (D:9)
  2 sky beasts
  6 ogres
  2 centaurs (D:5)
  A big kobold (D:9)
  An elf zombie (Ossuary)
  5 bullfrogs
  A gnoll sergeant (D:7)
  Blork the orc (D:4)
  A scorpion (D:8)
  4 killer bees
  3 wights (D:7)
  2 howler monkeys
  2 crimson imps
  3 centaur zombies
  A quasit (D:8)
  3 hounds
  A bullfrog zombie (D:6)
  3 orc wizards
  2 centaur skeletons (D:4)
  3 orc priests
  A bullfrog skeleton (D:9)
  2 human zombies (Ossuary)
  2 iguanas (D:6)
  6 worker ants
  2 big kobold zombies (Ossuary)
  A hound zombie (D:4)
  A hound skeleton (D:5)
  3 mummies
  A howler monkey zombie (D:4)
  5 worker ant zombies
  A howler monkey skeleton (D:4)
  7 adders
  5 gnolls (D:7)
  A shadow imp (D:8)
  5 adder zombies
  An adder skeleton (D:4)
  3 worms
  A dart slug (D:3)
  9 leopard geckos
  27 orcs
  14 giant cockroaches
  3 goblins
  6 hobgoblins
  5 jackals
  17 kobolds
  3 quokkas
  3 ball pythons
  6 bats
  6 frilled lizards
  2 giant cockroach zombies (D:4)
  9 hobgoblin zombies (Ossuary)
  2 jackal skeletons (D:4)
  2 jackal zombies
  8 kobold zombies (Ossuary)
  3 leopard gecko skeletons
  A leopard gecko zombie (D:4)
  11 orc zombies (Ossuary)
  A quokka zombie (D:4)
  4 rats
  A rat zombie (Ossuary)
245 creatures vanquished.

Vanquished Creatures (collateral kills)
  Harold (D:7)
  3 howler monkeys (D:7)
4 creatures vanquished.

Grand Total: 249 creatures vanquished

Notes
Turn   | Place    | Note
-------+----------+-------------------------------------------
     0 | D:1      | MrRokkomies the Octopode Assassin began the quest for the
                  | Orb.
     0 | D:1      | Reached XP level 1. HP: 14/14 MP: 1/1
   127 | D:1      | Reached XP level 2. HP: 17/19 MP: 2/2
   778 | D:2      | Reached XP level 3. HP: 24/24 MP: 3/3
  1082 | D:2      | Found a stormy altar of Qazlal.
  1169 | D:2      | Reached XP level 4. HP: 24/29 MP: 4/4
  2266 | D:4      | Reached skill level 6 in Stealth
  2274 | D:4      | Noticed Menkaure
  2600 | D:3      | Reached XP level 5. HP: 16/34 MP: 5/5
  2876 | D:4      | Reached XP level 6. HP: 7/39 MP: 6/6
  2896 | D:4      | Found a glowing drain.
  3287 | D:4      | Noticed Blork the orc
  3289 | D:4      | Found a glowing silver altar of Zin.
  3303 | D:4      | Killed Blork the orc
  3370 | D:4      | Reached XP level 7. HP: 34/45 MP: 7/7
  3381 | D:4      | Reached skill level 7 in Stealth
  3397 | D:4      | Reached skill level 5 in Throwing
  3450 | D:4      | Gained mutation: One of your tentacles bears a spike.
                  | [potion of mutation]
  3450 | D:4      | Gained mutation: You are partially covered in slimy green
                  | scales. (AC +2) [potion of mutation]
  3457 | D:4      | Killed Menkaure
  3457 | D:4      | Reached skill level 5 in Dodging
  3876 | D:5      | Entered Level 5 of the Dungeon
  3879 | D:5      | Found a staircase to the Ecumenical Temple.
  3897 | Temple   | Entered the Ecumenical Temple
  4030 | Temple   | Became a worshipper of Nemelex Xobeh the Trickster
  4054 | D:5      | Found Ruisoamm's Book Shoppe.
  4057 | D:5      | Found a blossoming altar of Fedhas.
  4062 | D:5      | Received a gift from Nemelex Xobeh
  4067 | D:5      | Reached XP level 8. HP: 50/50 MP: 8/8
  4100 | D:4      | You fall through a shaft for 2 floors!
  4543 | D:6      | Found Deosof's Gadget Emporium.
  4605 | D:6      | Reached skill level 8 in Stealth
  4605 | D:6      | Reached skill level 1 in Invocations
  4734 | D:6      | Found a radiant altar of Vehumet.
  4928 | D:6      | Received a gift from Nemelex Xobeh
  5166 | D:5      | Reached * piety under Nemelex Xobeh
  5305 | D:5      | Found a hazy altar of Hepliaklqana.
  5401 | D:5      | Bought a book of Misfortune for 240 gold pieces
  5403 | D:5      | Learned a level 1 spell: Confusing Touch
  5407 | D:5      | Learned a level 3 spell: Confuse
  5421 | D:5      | Found an iron altar of Okawaru.
  5671 | D:6      | Found Jathrebao's General Store.
  5718 | D:6      | Found Leraqiy's Jewellery Shoppe.
  5940 | D:6      | Received a gift from Nemelex Xobeh
  5961 | D:6      | Found an ornate altar of the Wu Jian Council.
  6531 | D:7      | Noticed Harold
  6556 | D:7      | Killed Harold
  6556 | D:7      | Reached skill level 5 in Short Blades
  6556 | D:7      | Reached XP level 9. HP: 41/54 MP: 11/11
  7084 | D:7      | Reached ** piety under Nemelex Xobeh
  7373 | D:8      | Received a gift from Nemelex Xobeh
  7390 | D:8      | Found a white marble altar of Elyvilon.
  7500 | D:8      | Found a sand-covered staircase.
  7508 | Ossuary  | Entered an ossuary
  8058 | D:8      | Got a brightly glowing hunting sling
  8059 | D:8      | Identified the +4 hunting sling of Laceration {velocity,
                  | +Inv} (You found it on level 8 of the Dungeon)
  8060 | D:8      | Reached *** piety under Nemelex Xobeh
  8528 | D:9      | Reached XP level 10. HP: 47/60 MP: 13/13
  8860 | D:9      | Received a gift from Nemelex Xobeh
  8878 | D:9      | Reached skill level 5 in Shields
  8878 | D:9      | Reached skill level 5 in Hexes
  8894 | D:9      | Reached skill level 5 in Invocations
  9211 | D:8      | Mangled by a wyvern

Levels and vault maps discovered:
D:1:      minmay_arrival_four_houses, layout_basic
D:2:      layout_loops_corners, lemuel_coloured_pillars_altar,
          minmay_worlds_worst_comb
D:3:      layout_loops_ring
D:4:      layout_rooms, old_standard_altar, portal_sewer_entry_f, serial_undead,
          serial_undead_a, serial_undead_b, serial_undead_f, serial_undead_a,
          serial_undead_b, serial_undead_a, serial_undead_c, uniq_blork_the_orc,
          uniq_menkaure
D:5:      layout_rooms, kennysheep_little_box, lemuel_doored_altar,
          minmay_temple_entry_mini_moons, serial_shops, shop, first_ration,
          fedhas_altar_3
D:6:      layout_basic, nicolae_overflow_hidden_temple, marbit_many_paths,
          serial_shops, shop, nicolae_shop_statue_plus, shop
D:7:      layout_loops_ring, uniq_harold
D:8:      layout_cave_pools, elyvilon_altar_3, gup_ossuary_entry_pyramid
D:9:      layout_rooms, chequers_temple_overflow_minitemple
Temple:   jpeg_temple_clearing
Ossuary:  ossuary_tomb_1

Skill      XL: |  1  2  3  4  5  6  7  8  9 10 |
---------------+-------------------------------+-----
Dodging        | 2 3 4 5 |  5.1
Throwing       | 3 4 5 7 |  7.1
Stealth        | 6 7 8 |  8.0
Short Blades   | 5 |  5.5
Invocations    | 3 4 5 |  5.5
Shields        | 2 4 6 |  6.0
Hexes          | 2 4 6 |  6.0
Fighting       | |  2.0

Action                   |  1- 3 |  4- 6 |  7- 9 | 10-12 || total
-------------------------+-------+-------+-------+-------++-------
Melee: Dagger            |    73 |   127 |   268 |    93 ||   561
       Constrict         |    18 |    32 |    63 |    15 ||   128
       Tentacles         |    12 |    36 |    66 |    27 ||   141
       Kick              |       |       |    82 |    35 ||   117
 Fire: Blowgun           |       |     5 |    68 |    27 ||   100
Throw: Stone             |       |    12 |    91 |    10 ||   113
 Cast: Confusing Touch   |       |       |     1 |     4 ||     5
 Abil: Draw Summoning    |       |       |     3 |       ||     3
       Draw Destruction  |       |       |    10 |     3 ||    13
       Draw Escape       |       |       |     1 |       ||     1
  Use: Scroll            |       |     9 |    11 |     1 ||    21
       Potion            |       |     4 |     2 |     1 ||     7
 Stab: Sleeping          |    18 |    12 |     9 |       ||    39
       Distracted        |     1 |       |     1 |       ||     2
       Invisible         |       |     1 |       |       ||     1
       Confused          |       |       |       |     1 ||     1
  Eat: Chunk             |       |     4 |     6 |     3 ||    13
       Ration            |       |     1 |     3 |       ||     4
Armor: Skin              |     8 |    19 |    48 |    10 ||    85
Dodge: Dodged            |    39 |    99 |   142 |    38 ||   318
Block: Shield            |       |       |    41 |    42 ||    83

Table legend:
 A = Non-vault XP
 B = Vault XP
 C = Vault XP percentage of total XP
 D = Non-vault monster count
 E = Vault monster count
 F = Vault count percentage of total count
                 A         B        C        D         E       F
            +---------+---------+-------+---------+---------+-------
      Total |    4855 |    1652 |  25.4 |     170 |      79 |  31.7
            +---------+---------+-------+---------+---------+-------
        D:1 |      24 |       0 |   0.0 |      17 |       0 |   0.0
        D:2 |      45 |      16 |  26.2 |      21 |       8 |  27.6
        D:3 |     126 |       0 |   0.0 |      13 |       0 |   0.0
        D:4 |     393 |     492 |  55.6 |      16 |      29 |  64.4
        D:5 |     372 |       0 |   0.0 |      12 |       0 |   0.0
        D:6 |     747 |      49 |   6.2 |      25 |       1 |   3.8
        D:7 |     754 |     738 |  49.5 |      23 |       1 |   4.2
        D:8 |     519 |      18 |   3.4 |      13 |       1 |   7.1
        D:9 |    1823 |       0 |   0.0 |      28 |       0 |   0.0
     Temple |      52 |       0 |   0.0 |       2 |       0 |   0.0
    Ossuary |       0 |     339 | 100.0 |       0 |      39 | 100.0
            +---------+---------+-------+---------+---------+-------
